 Dungeon Sprint DCSS version 0.21-a0-238-geb0acef (webtiles) character file.

8913 Kidiri the Eclecticist (level 11, -8/66 HPs)
             Began as a Deep Elf Fire Elementalist on Sept 2, 2017.
             Was the Champion of Vehumet.
             Mangled by a blink frog (13 damage)
             ... in the Dungeon (Sprint III: "The Ten Rune Challenge").
             The game lasted 00:16:33 (2356 turns).

Kidiri the Eclecticist (Deep Elf Fire Elementalist) Turns: 2356, Time: 00:16:34

Health: -8/66      AC:  9    Str:  5    XL:     11   Next: 16%
Magic:  26/33      EV: 17    Int: 26    God:    Vehumet [******]
Gold:   137        SH:  0    Dex: 15    Spells: 10/43 levels left

rFire    . . .     SeeInvis .   u - +1 dagger (holy)
rCold    . . .     Gourm    +   (no shield)
rNeg     . . .     Faith    .   n - +3 troll leather armour {Snorg}
rPois    .         Spirit   .   (no helmet)
rElec    .         Reflect  .   d - +0 cloak
rCorr    .         Harm     .   (no gloves)
MR       +....     NoTele   +   (no boots)
Stlth    ++........             C - amulet of the gourmand
HPRegen  0.61/turn              (no ring)
MPRegen  0.23/turn              (no ring)

@: no status effects
A: talons 1, clever 1
a: Renounce Religion


You were in the Dungeon.
You worshipped Vehumet.
Vehumet was exalted by your worship.
You were hungry.

You visited 1 branch You collected 137 gold pieces.

Inventory:

Hand Weapons
 u - a +1 dagger of holy wrath (weapon)
 y - a +1 hand axe of draining
 D - a +0 battleaxe of electrocution
 E - a +0 spear
Missiles
 A - 22 bolts
 B - 23 stones (quivered)
 F - 26 arrows
 G - 13 poisoned needles
Armour
 a - a +0 robe
 d - a +0 cloak (worn)
 n - a +3 troll leather armour (worn) {Snorg}
 H - a cursed +0 chain mail
Magical Staves
 I - an uncursed staff of power
Jewellery
 C - an amulet of the gourmand (around neck)
Wands
 v - a wand of disintegration (11/24)
 w - a wand of acid (9/15)
Scrolls
 i - a scroll of blinking
 l - a scroll of torment
 q - a scroll of holy word
 r - 2 scrolls of remove curse
Potions
 e - 2 potions of heal wounds
 f - 3 potions of haste
 g - 2 potions of magic
 h - a potion of berserk rage
 k - 2 potions of mutation
 m - a potion of might
 p - 3 potions of flight
Books
 b - a book of Flames

   Spells                             Type                      Level
   a - Flame Tongue                   Conjuration/Fire             1
   b - Throw Flame                    Conjuration/Fire             2
   c - Conjure Flame                  Conjuration/Fire             3
   d - Inner Flame                    Hexes/Fire                   3
   e - Sticky Flame                   Conjuration/Fire             4
   f - Fireball                       Conjuration/Fire             5
 j - a book of Minor Magic

   Spells                             Type                      Level
   a - Magic Dart                     Conjuration                  1
   b - Blink                          Translocation                2
   c - Call Imp                       Summoning                    2
   d - Slow                           Hexes                        2
   e - Conjure Flame                  Conjuration/Fire             3
   f - Mephitic Cloud                 Conjuration/Poison/Air       3
Comestibles
 c - a bread ration
 o - 29 royal jellies
 s - a fruit
 z - 2 meat rations


   Skills:
 + Level 6.5 Fighting
 + Level 8.0 Short Blades
 + Level 6.9 Armour
 + Level 10.0 Dodging
 - Level 2.4 Stealth
 * Level 16.5 Spellcasting
 + Level 10.4 Conjurations
 + Level 10.9 Fire Magic
 + Level 6.1 Ice Magic
 + Level 7.9 Air Magic
 + Level 8.8 Poison Magic


You had 10 spell levels left.
You knew the following spells:

 Your Spells              Type           Power        Failure   Level  Hunger
a - Flame Tongue          Conj/Fire      #####        1%          1    None
b - Throw Flame           Conj/Fire      ######       1%          2    None
c - Conjure Flame         Conj/Fire      ######..     1%          3    None
d - Inner Flame           Hex/Fire       #####...     1%          3    None
e - Sticky Flame          Conj/Fire      ######..     1%          4    None
f - Fireball              Conj/Fire      ######....   1%          5    None
g - Throw Frost           Conj/Ice       ######       1%          2    None
h - Throw Icicle          Conj/Ice       ######..     1%          4    None
i - Freezing Cloud        Conj/Ice/Air   ######....   5%          6    ###....
j - Mephitic Cloud        Conj/Pois/Air  ######..     1%          3    None


Dungeon Overview and Level Annotations

Branches:
Dungeon (1/1)

Altars:
Cheibriados
Dithmenos
Elyvilon
Fedhas
Gozag
Hepliaklqana
Kikubaaqudgha
Makhleb
Nemelex Xobeh
Okawaru
Qazlal
Ru
Sif Muna
Trog
Uskayaw
Vehumet
Wu Jian
Xom
Yredelemnul
Zin
The Shining One
Beogh
Jiyva
Lugonu

Annotations:
D exclusion: 3 doors


Innate Abilities, Weirdness & Mutations

You have sharp toenails.
Your mind is acute. (Int +2)


Message History

Aiming: Flame Tongue
Press: ? - help, Shift-Dir - straight line, f/p - blink frog
Aim: a blink frog (steam, moderately wounded)
The flame tongue misses the blink frog.
The flame tongue hits the blink frog.
The blink frog is moderately wounded.
The blink frog burns!
The blink frog hits you!
* * * LOW HITPOINT WARNING * * *
The blink frog blinks!
The blink frog is engulfed in a cloud of scalding steam. x2
The blink frog hits you!
* * * LOW HITPOINT WARNING * * *
The blink frog is engulfed in a cloud of scalding steam. x2
The blink frog blinks!
Unknown command.
Unknown command.
Unknown command.
The blink frog burns!
The blink frog is engulfed in a cloud of scalding steam.
The blink frog hits you!
You die...

#.....##..###...E#.⌠.#__#...#+###
###..##...##.....#...#__#..÷#..≈≈
##..##....#.)....#+###__#...#.#§§
#..###..##.#.....#.).#__#...'.#§§
#..# #..#####....#___#__+...#.#§§
▓▓▓▓ ▓▓▓▓▓▓▓▓▓▓▓▓▓▓▓▓▓▓▓▓▓▓▓▓▓▓▓▓
§≈≈.. ♣.....♣♣♣♣≈≈≈.....
§§§≈.F♣♣.≈≈≈≈+♣♣'♣≈≈≈≈≈≈≈
§§F≈≈F§F@....#%≈♣♣♣♣♣♣♣♣♣
≈§§≈≈≈♣♣♣♣♣♣♣#..♣♣ ≈≈≈≈≈
###+♣♣♣♣♣ +### ♣♣♣♣.##..##
♣...##.##.# ♣♣.##%##.##+
♣..#.##..)# ♣♣.##%##..#
♣♣.##.#####


You could see 4 blink frogs.

Vanquished Creatures
  Snorg (D)
  A centaur warrior (D)
  Urug (D)
  2 unseen horrors (D)
  A lindwurm (D)
  A deep elf mage (D)
  2 spiny frogs (D)
  A rime drake (D)
  A komodo dragon (D)
  A queen bee (D)
  2 tyrant leeches (D)
  3 wandering mushrooms (D)
  A shadow (D)
  3 redbacks (D)
  A spatial vortex (D)
  A hydra simulacrum (D)
  A swamp drake (D)
  A necrophage (D)
  2 centaurs (D)
  A water elemental (D)
  29 killer bees (D)
  Crazy Yiuf (D)
  A jelly (D)
  A wizard (D)
  A necromancer (D)
  A polar bear simulacrum (D)
  2 wolf simulacra (D)
  3 humans (D)
  A kobold demonologist (D)
  An ooze (D)
  3 rats (D)
  3 plants (D)
75 creatures vanquished.

Vanquished Creatures (collateral kills)
  2 killer bees (D)
2 creatures vanquished.

Vanquished Creatures (others)
  2 draconian scorchers (D)
  2 hydras (D)
  6 hellions (D)
  2 yaktaurs (D)
  A killer bee (D)
  A plant (D)
14 creatures vanquished.

Grand Total: 91 creatures vanquished

Notes
Turn   | Place    | Note
-------+----------+-------------------------------------------
     0 | D        | Kidiri the Deep Elf Fire Elementalist began the quest for the Orb.
     0 | D        | Reached XP level 1. HP: 10/10 MP: 6/6
     8 | D        | Reached skill level 4 in Spellcasting
    71 | D        | Killed a hellion
    84 | D        | Killed a hellion
    86 | D        | Killed a hellion
    88 | D        | Killed a hellion
    88 | D        | Killed a hellion
    88 | D        | Killed a hellion
    93 | D        | Killed a yaktaur
   115 | D        | Noticed Crazy Yiuf
   119 | D        | Killed a yaktaur
   120 | D        | Killed Crazy Yiuf
   120 | D        | Reached skill level 6 in Spellcasting
   120 | D        | Reached XP level 2. HP: 15/15 MP: 3/11
   120 | D        | Reached XP level 3. HP: 19/19 MP: 3/13
   148 | D        | Reached skill level 7 in Spellcasting
   148 | D        | Reached skill level 5 in Fire Magic
   192 | D        | Killed a white draconian scorcher
   193 | D        | Gained mutation: Your mind is acute. (Int +2) [potion of mutation]
   193 | D        | Gained mutation: You have sharp toenails. [potion of mutation]
   216 | D        | Killed a white draconian scorcher
   338 | D        | Learned a level 2 spell: Throw Flame
   342 | D        | Learned a level 3 spell: Conjure Flame
   346 | D        | Learned a level 3 spell: Inner Flame
   346 | D        | Noticed a water elemental
   350 | D        | Killed a water elemental
   350 | D        | Reached skill level 9 in Spellcasting
   350 | D        | Reached XP level 4. HP: 24/24 MP: 9/17
   357 | D        | Learned a level 4 spell: Sticky Flame
   408 | D        | Found a radiant altar of Vehumet.
   409 | D        | Found a deep blue altar of Sif Muna.
   409 | D        | Found an ancient bone altar of Kikubaaqudgha.
   409 | D        | Noticed a wizard
   411 | D        | Killed a wizard
   411 | D        | Reached skill level 5 in Conjurations
   412 | D        | Reached skill level 10 in Spellcasting
   412 | D        | Reached XP level 5. HP: 28/28 MP: 9/19
   426 | D        | Learned a level 5 spell: Fireball
   430 | D        | Learned a level 3 spell: Mephitic Cloud
   435 | D        | Became a worshipper of Vehumet
   473 | D        | Found a glowing silver altar of Zin.
   474 | D        | Found a glowing golden altar of the Shining One.
   474 | D        | Found a white marble altar of Elyvilon.
   474 | D        | Noticed a deep elf mage
   485 | D        | Killed a deep elf mage
   485 | D        | Reached skill level 11 in Spellcasting
   485 | D        | Reached XP level 6. HP: 13/36 MP: 4/22
   485 | D        | Reached XP level 7. HP: 15/40 MP: 4/24
   679 | D        | Found an ornate altar of the Wu Jian Council.
   679 | D        | Found a roughly hewn altar of Beogh.
   679 | D        | Found an iron altar of Okawaru.
   679 | D        | Found a bloodstained altar of Trog.
   679 | D        | Found a hide-covered altar of Uskayaw.
   679 | D        | Noticed a human
   681 | D        | Noticed a human
   684 | D        | Killed a human
   684 | D        | Reached skill level 5 in Dodging
   684 | D        | Reached skill level 12 in Spellcasting
   692 | D        | Killed a human
   692 | D        | Reached * piety under Vehumet
   692 | D        | Offered knowledge of Shock by Vehumet.
   859 | D        | Found a basalt altar of Yredelemnul.
   859 | D        | Found a shadowy altar of Dithmenos.
   859 | D        | Found a sacrificial altar of Ru.
   913 | D        | Noticed a shadow
   916 | D        | Killed a shadow
   916 | D        | Reached ** piety under Vehumet
   916 | D        | Offered knowledge of Sandblast by Vehumet.
   916 | D        | Reached XP level 8. HP: 41/46 MP: 16/26
   963 | D        | Found a blossoming altar of Fedhas.
   963 | D        | Found a stormy altar of Qazlal.
   963 | D        | Found a snail-covered altar of Cheibriados.
   963 | D        | Found a burning altar of Makhleb.
   963 | D        | Found a shimmering altar of Xom.
   964 | D        | Found a hazy altar of Hepliaklqana.
   964 | D        | Found an opulent altar of Gozag.
   964 | D        | Found a sparkling altar of Nemelex Xobeh.
   964 | D        | Found a corrupted altar of Lugonu.
   964 | D        | Found a viscous altar of Jiyva.
   981 | D        | Reached skill level 5 in Poison Magic
  1055 | D        | Noticed Snorg
  1067 | D        | Killed Snorg
  1067 | D        | Offered knowledge of Throw Frost by Vehumet.
  1067 | D        | Reached skill level 5 in Short Blades
  1067 | D        | Reached skill level 13 in Spellcasting
  1067 | D        | Reached skill level 5 in Air Magic
  1067 | D        | Reached XP level 9. HP: 36/52 MP: 4/28
  1085 | D        | Learned a level 2 spell: Throw Frost
  1270 | D        | Noticed a centaur warrior
  1273 | D        | Reached *** piety under Vehumet
  1282 | D        | Killed a centaur warrior
  1282 | D        | Offered knowledge of Dazzling Spray by Vehumet.
  1282 | D        | Reached skill level 5 in Armour
  1282 | D        | Reached skill level 14 in Spellcasting
  1347 | D        | Noticed an unseen horror
  1352 | D        | Killed an unseen horror
  1352 | D        | Reached skill level 5 in Fighting
  1353 | D        | Noticed an unseen horror
  1359 | D        | Killed an unseen horror
  1359 | D        | Reached **** piety under Vehumet
  1400 | D        | Noticed a queen bee
  1410 | D        | Reached XP level 10. HP: 59/59 MP: 25/30
  1410 | D        | Reached ***** piety under Vehumet
  1416 | D        | Reached skill level 15 in Spellcasting
  1416 | D        | Reached skill level 10 in Fire Magic
  1416 | D        | Reached ****** piety under Vehumet
  1435 | D        | Offered knowledge of Throw Icicle by Vehumet.
  1441 | D        | Learned a level 4 spell: Throw Icicle
  1646 | D        | Offered knowledge of Bolt of Draining by Vehumet.
  1699 | D        | Noticed a spiny frog
  1699 | D        | Noticed a spiny frog
  1702 | D        | Killed a spiny frog
  1702 | D        | Reached skill level 5 in Ice Magic
  1708 | D        | Killed a spiny frog
  1790 | D        | Offered knowledge of Fulminant Prism by Vehumet.
  1793 | D        | Reached skill level 16 in Spellcasting
  1793 | D        | Reached skill level 10 in Conjurations
  1936 | D        | Noticed a lindwurm
  1940 | D        | Killed a lindwurm
  1942 | D        | Reached XP level 11. HP: 66/66 MP: 13/33
  2059 | D        | Noticed Urug
  2065 | D        | Killed Urug
  2206 | D        | Offered knowledge of Freezing Cloud by Vehumet.
  2216 | D        | Killed a six-headed hydra
  2264 | D        | Killed a seven-headed hydra
  2315 | D        | Reached skill level 10 in Dodging
  2348 | D        | Learned a level 6 spell: Freezing Cloud
  2356 | D        | Mangled by a blink frog

Vault maps used:
D:        dungeon_sprint_mu

Skill      XL: |  1  2  3  4  5  6  7  8  9 10 11 |
---------------+----------------------------------+-----
Spellcasting   | 6 9 10 11 12 13 14 16 | 16.5
Conjurations   | 3 4 5 6 7 8 9 10 | 10.4
Fire Magic     | 4 6 7 8 9 10 | 10.9
Fighting       | 2 3 4 5 6 |  6.5
Short Blades   | 3 4 5 6 7 8 |  8.0
Armour         | 2 3 4 5 6 |  6.9
Dodging        | 4 5 7 8 9 10 | 10.0
Air Magic      | 3 4 5 6 7 |  7.9
Poison Magic   | 3 4 6 7 8 |  8.8
Ice Magic      | 3 5 6 |  6.1
Stealth        | |  2.4

Action                   |  1- 3 |  4- 6 |  7- 9 | 10-12 || total
-------------------------+-------+-------+-------+-------++-------
Melee: Unarmed           |     4 |       |       |       ||     4
       Dagger            |       |       |     1 |    26 ||    27
       Kick              |       |       |       |     3 ||     3
 Cast: Flame Tongue      |    21 |     5 |    43 |    36 ||   105
       Conjure Flame     |     1 |       |     2 |     3 ||     6
       Sticky Flame      |       |     3 |     7 |    11 ||    21
       Mephitic Cloud    |       |     2 |     4 |     7 ||    13
       Inner Flame       |       |       |     3 |     2 ||     5
       Throw Flame       |       |       |     1 |       ||     1
       Fireball          |       |       |     4 |     3 ||     7
       Throw Icicle      |       |       |       |    14 ||    14
       Throw Frost       |       |       |       |     1 ||     1
  Use: Scroll            |     4 |       |       |     1 ||     5
       Potion            |     2 |       |       |       ||     2
 Stab: Confused          |       |       |     1 |     1 ||     2
       Sleeping          |       |       |       |     1 ||     1
  Eat: Chunk             |       |       |     2 |     2 ||     4
Armor: Robe              |     1 |       |     1 |       ||     2
       Troll leather arm |       |       |     4 |     8 ||    12
Dodge: Dodged            |    12 |     2 |    16 |    23 ||    53

Table legend:
 A = Spawn XP
 B = Non-spawn XP
 C = Spawn XP percentage of total XP
 D = Spawn monster count
 E = Non-spawn monster count
 F = Spawn count percentage of total count
 G = Total turns spent on level
                    A         B        C        D         E        F      G
               +---------+---------+-------+---------+---------+-------+---------
         Total |       0 |   12734 |   0.0 |       0 |      75 |   0.0 |  2356
               +---------+---------+-------+---------+---------+-------+---------
             D |       0 |   12734 |   0.0 |       0 |      75 |   0.0 |  2356
               +---------+---------+-------+---------+---------+-------+---------
